[Event "Team 45 45 League T31"]
[Site "Internet Chess Club"]
[Date "2006.07.22"]
[Round "5"]
[White "Klampin"]
[Black "smitty120"]
[Result "1-0"]
[WhiteElo "1879"]
[BlackElo "1771"]
[TimeControl "2700+45"]

1. d4 Nf6 2. Nf3 e6 3. Bg5 c5 4. e3 h6 5. Bh4 Be7 6. Nbd2 d5 7. c3 Nc6 8. Bd3
Nh5 9. Bxe7 Qxe7 10. Ne5 Nf6 11. f4 Bd7 12. O-O O-O-O 13. dxc5 Qxc5 14. Qe2 Nxe5
15. fxe5 Ne4 16. Rxf7 Nxd2 17. Qxd2 Rdf8 18. Rxg7 Rhg8 19. Rh7 Rg5 20. b4 Qb6
21. Rxh6 Rxe5 22. Re1 Qd8 23. c4 Bc6 24. b5 dxc4 25. bxc6 cxd3 26. Qb2 Qc7 27.
cxb7+ Kb8 28. Rc1 Rxe3 29. Rh8 Rxh8 30. Qxh8+ Kxb7 31. Rxc7+ Kxc7 32. Qd4 {Black
resigns} 1-0  aics%

[Event "Team 45 45 League T31"]
[Site "Internet Chess Club"]
[Date "2006.07.23"]
[Round "5"]
[White "Theodulf"]
[Black "six-killer"]
[Result "1-0"]
[WhiteElo "1625"]
[BlackElo "1716"]
[TimeControl "2700+45"]

1. e4 c5 2. c3 d5 3. exd5 Qxd5 4. d4 Nf6 5. Nf3 Bg4 6. Nbd2 Nc6 7. Bc4 Bxf3 8.
Qxf3 Qxf3 9. Nxf3 e6 10. Be3 Ng4 11. O-O-O Nxe3 12. fxe3 cxd4 13. exd4 O-O-O 14.
Ng5 Rd7 15. Rhf1 Nd8 16. Nxf7 Rg8 17. Nxd8 {Black resigns} 1-0  aics%

[Event "Team 45 45 League T31"]
[Site "Internet Chess Club"]
[Date "2006.07.31"]
[Round "5"]
[White "RD1974"]
[Black "BartL"]
[Result "1/2-1/2"]
[WhiteElo "1655"]
[BlackElo "1651"]
[TimeControl "2700+45"]

1. e4 e5 2. Bc4 Nf6 3. d3 c6 4. Nf3 d5 5. Bb3 Bd6 6. Nc3 d4 7. Ne2 Bg4 8. Ng3
Nbd7 9. a3 O-O 10. O-O Re8 11. Bg5 h6 12. Bd2 c5 13. h3 Be6 14. Bxe6 Rxe6 15.
Nf5 Nf8 16. N3h4 Rc8 17. b3 Bb8 18. Qc1 N6h7 19. Bxh6 gxh6 20. Nxh6+ Rxh6 21.
Qxh6 Rc6 22. Qh5 Ng6 23. Nf5 Qf8 24. Kh2 Nf4 25. Qf3 Ng5 26. Qg4 Rg6 27. Nh4 Rg7
28. Nf5 Rg6 29. Nh4 Rg7 30. Nf5 Rg6 {Game drawn by repetition} 1/2-1/2  aics%

[Event "Team 45 45 League T31"]
[Site "Internet Chess Club"]
[Date "2006.07.25"]
[Round "5"]
[White "achessman"]
[Black "Rlopez"]
[Result "1-0"]
[WhiteElo "1997"]
[BlackElo "1768"]
[TimeControl "2700+45"]

1. e4 c5 2. b3 e6 3. Bb2 d5 4. exd5 exd5 5. Bb5+ Bd7 6. Qe2+ Qe7 7. Nc3 Qxe2+ 8.
Ngxe2 d4 9. Bxd7+ Nxd7 10. Nd5 O-O-O 11. c4 Re8 12. d3 Ne5 13. Kd2 Bd6 14. h3
Ne7 15. Nef4 N7g6 16. Nxg6 Nxg6 17. b4 b6 18. bxc5 bxc5 19. Ba3 Re5 20. Rhe1
Rhe8 21. Rxe5 Rxe5 22. Rb1 Ne7 23. Nxe7+ Rxe7 24. Rb5 Rc7 25. Ke2 Kd7 26. Kf3
Kc6 27. Bc1 Re7 28. Ra5 Kb6 29. Rb5+ Kc6 30. Bd2 a6 31. Rb3 Re6 32. Ra3 Kb7 33.
Rb3+ Ka7 34. Ba5 Rf6+ 35. Ke2 Bb8 36. Rb1 Rg6 37. Kf3 Re6 38. Re1 Rxe1 39. Bxe1
Kb6 40. Ke4 Kc6 41. f3 Bc7 42. Bd2 g6 43. g4 a5 44. Bh6 Bd6 45. Bg7 Bc7 46. g5
Bd8 47. h4 Be7 48. Ke5 a4 49. a3 Bd8 50. Bf8 Ba5 51. Kf6 Bd2 52. Kxf7 Bc1 53.
Kg7 Bxa3 54. Kxh7 Bc1 55. Kxg6 a3 56. Kf6 a2 57. g6 a1=Q 58. g7 Kd7 59. g8=Q
Qa6+ 60. Ke5 Qc6 61. Qd5+ Qxd5+ 62. Kxd5 Ba3 63. Bxc5 Bxc5 64. Kxc5 {Black
resigns} 1-0  aics%

[Event "Team 45 45 League T31"]
[Site "Internet Chess Club"]
[Date "2006.07.23"]
[Round "5"]
[White "jerq"]
[Black "kingfischer57"]
[Result "0-1"]
[WhiteElo "1809"]
[BlackElo "1780"]
[TimeControl "2700+45"]

1. e4 e6 2. d4 d5 3. Nc3 Bb4 4. e5 c5 5. a3 Bxc3+ 6. bxc3 Qc7 7. Qg4 f5 8. Qg3
Nc6 9. Nf3 cxd4 10. cxd4 Nge7 11. Bd2 Rg8 12. h4 Bd7 13. Be2 Na5 14. O-O Nc4 15.
Bg5 Bb5 16. a4 Ba6 17. Rfc1 h6 18. Bxe7 Qxe7 19. Qg6+ Qf7 20. Qxf7+ Kxf7 21.
Bxc4 Bxc4 22. Nd2 Rgc8 23. f4 Rc7 24. Kf2 Rac8 25. Ra3 Ba6 26. c3 b6 27. Nb1 Bd3
28. Nd2 Bc4 29. Kf3 Kg6 30. g4 fxg4+ 31. Kxg4 Be2+ 32. Kg3 Kh5 33. Re1 Rxc3+ 34.
Rxc3 Rxc3+ 35. Kf2 Ba6 36. f5 Bc8 37. fxe6 Bxe6 38. Nf3 Rc4 39. Ra1 Bg4 40. Ra3
Bxf3 41. Rxf3 Rxd4 42. Re3 Re4 43. e6 Kg6 44. Rd3 Kf6 45. Rxd5 Kxe6 {White
resigns} 0-1  aics%

[Event "Team 45 45 League T31"]
[Site "Internet Chess Club"]
[Date "2006.07.22"]
[Round "5"]
[White "tourettes"]
[Black "David-Carioca"]
[Result "1-0"]
[WhiteElo "1779"]
[BlackElo "1678"]
[TimeControl "2700+45"]

1. e4 e6 2. d3 d5 3. Nd2 b6 4. Ngf3 dxe4 5. dxe4 Nf6 6. Bb5+ c6 7. Bd3 Bc5 8.
O-O O-O 9. Qe2 Qc7 10. Nb3 Be7 11. Re1 Bb7 12. Ng5 h6 13. Nf3 Nbd7 14. e5 Nd5
15. Qe4 f5 16. exf6 N7xf6 17. Qxe6+ Kh8 18. Ne5 Bd6 19. Ng6+ Kh7 20. Nxf8+ Kh8
21. Qf5 Rxf8 22. h3 c5 23. Nd2 Nb4 24. Nc4 Nxd3 25. Qxd3 Qc6 26. f3 Bb8 27. Ne5
Bxe5 28. Rxe5 Qc7 29. Bf4 Qf7 30. Bd2 Nd5 31. Rae1 Nf4 32. Bxf4 Qxf4 33. Re8 Bc8
34. Qd8 Rxe8 35. Qxe8+ Kh7 36. Qxc8 Qd4+ 37. Kh1 {Black resigns} 1-0  aics%

[Event "Team 45 45 League T31"]
[Site "Internet Chess Club"]
[Date "2006.07.25"]
[Round "5"]
[White "AVEMARIA"]
[Black "crankn8tr"]
[Result "1-0"]
[WhiteElo "1705"]
[BlackElo "1640"]
[TimeControl "2700+45"]

1. e4 e5 2. Nf3 Nf6 3. Nxe5 d6 4. Nf3 Nxe4 5. Nc3 Nxc3 6. dxc3 Be7 7. Bf4 O-O 8.
Qd2 Nd7 9. O-O-O Nc5 10. h4 Be6 11. Kb1 Qd7 12. Ng5 Ne4 13. Nxe4 Qa4 14. c4 Bxc4
15. Bxc4 Qxc4 16. Qd3 {Black resigns} 1-0  aics%

[Event "Team 45 45 League T31"]
[Site "Internet Chess Club"]
[Date "2006.07.24"]
[Round "5"]
[White "Apocalyptic"]
[Black "BishopsArms"]
[Result "1/2-1/2"]
[WhiteElo "1977"]
[BlackElo "1840"]
[TimeControl "2700+45"]

1. e4 d5 2. d4 dxe4 3. Nc3 e5 4. d5 Bb4 5. Bd2 Nf6 6. Bc4 Bg4 7. Nge2 O-O 8. h3
Bh5 9. Nxe4 Bxd2+ 10. Nxd2 Nxd5 11. Ne4 Nb6 12. Bd3 Nc6 13. Qd2 Qe7 14. O-O-O
Nb4 15. N4g3 Nxd3+ 16. Qxd3 Rad8 17. Qe4 Bxe2 18. Nxe2 c6 19. Ng3 Nd5 20. Rhe1
Rfe8 21. Kb1 Nf6 22. Qf3 Qc5 23. Rxd8 Rxd8 24. Nf5 Rd2 25. Qb3 Qxf2 26. Qe3 Rxc2
27. Qxe5 h6 28. Re3 Rd2 29. a3 Qf1+ 30. Ka2 Qc4+ 31. Rb3 Rd3 32. Qb8+ Kh7 33.
Qxb7 Nd5 34. Nd6 Qxb3+ 35. Qxb3 Rxb3 36. Kxb3 Kg6 37. Nc8 a6 38. Ka4 f5 39. Ka5
f4 40. Kxa6 Ne3 41. Ne7+ Kf6 42. Nxc6 Nxg2 43. Nb4 f3 44. Nd3 Ne1 45. Nf2 Kf5
46. b4 Kf4 47. b5 Kg3 48. b6 Kxf2 49. b7 Nd3 50. b8=Q Ke2 51. Qe8+ Kd2 52. Kb5
f2 53. Qf7 Ke1 54. Qe6+ Kd2 55. Qf5 g5 56. a4 Nf4 57. Qb1 Ke2 58. Qe4+ Kd2 59.
Qf3 Ke1 60. Qe4+ Kd2 61. Qf3 Ke1 62. Qc3+ Ke2 63. Qc2+ Ke1 64. Qe4+ Kd2 {Game
drawn by repetition} 1/2-1/2  aics%

[Event "Team 45 45 League T31"]
[Site "Internet Chess Club"]
[Date "2006.07.22"]
[Round "5"]
[White "alastorx"]
[Black "Silk"]
[Result "1-0"]
[WhiteElo "1808"]
[BlackElo "1750"]
[TimeControl "2700+45"]

1. d4 Nf6 2. Nc3 g6 3. e4 d6 4. f3 Bg7 5. Be3 O-O 6. Qd2 Nc6 7. O-O-O a6 8. h4
b5 9. g4 Na5 10. h5 Nc4 11. Bxc4 bxc4 12. hxg6 fxg6 13. Bh6 Rf7 14. e5 Ne8 15.
Bxg7 Kxg7 16. Qh6+ Kg8 17. Nh3 e6 18. Ng5 Rg7 19. Nxh7 Kf7 20. Qf4+ Ke7 21. Qg5+
Kd7 22. Nf8+ {Black resigns} 1-0  aics%

[Event "Team 45 45 League T31"]
[Site "Internet Chess Club"]
[Date "2006.07.22"]
[Round "5"]
[White "Ghostblaster"]
[Black "Egmont"]
[Result "1-0"]
[WhiteElo "1687"]
[BlackElo "1681"]
[TimeControl "2700+45"]

1. d4 f5 2. e4 fxe4 3. Nc3 Nf6 4. Bg5 Nc6 5. Bxf6 exf6 6. Nxe4 d5 7. Nc3 Be6 8.
Bb5 Be7 9. Nge2 Qd6 10. Qd2 g5 11. h4 O-O-O 12. hxg5 fxg5 13. Rh6 Bf8 14. Rh5 h6
15. O-O-O Bg7 16. Ba4 Bg4 17. Rhh1 a6 18. Bb3 Ne7 19. Na4 Rdf8 20. f3 Bf5 21.
Nc5 Nc6 22. Rhe1 Re8 23. c3 Na5 24. Bc2 Nc4 25. Bxf5+ Kb8 26. Qc2 Ne3 27. Qb3 b5
28. Bd7 Re7 29. Bxb5 axb5 30. Qxb5+ Qb6 31. Nd7+ Rxd7 32. Qxd7 Nxd1 33. Rxd1 Qg6
34. Qxd5 Re8 35. Ng3 g4 36. fxg4 c6 37. Qf5 Qd6 38. Ne4 Qe7 39. Nc5 Rf8 40. Nd7+
{Black resigns} 1-0  aics%

[Event "Team 45 45 League T31"]
[Site "Internet Chess Club"]
[Date "2006.07.21"]
[Round "5"]
[White "NFK"]
[Black "autobot"]
[Result "1-0"]
[WhiteElo "1606"]
[BlackElo "1629"]
[TimeControl "2700+45"]

1. e4 c6 2. d4 d5 3. exd5 cxd5 4. c4 Nf6 5. Nc3 Nc6 6. c5 e5 7. Bb5 exd4 8. Qxd4
Be6 9. Nf3 Be7 10. Ne5 Qc8 11. O-O O-O 12. Bxc6 bxc6 13. Be3 Nd7 14. Nxd7 Qxd7
15. Ne2 Bf6 16. Qd2 Rab8 17. Bd4 Qe7 18. Rfc1 Rb7 19. b3 Rfb8 20. Qc3 Bxd4 21.
Nxd4 Qd7 22. Re1 Bf5 23. Re5 Bg6 24. Rae1 Be4 25. f3 Qc7 26. Rg5 Bg6 27. Rge5 h6
28. Re7 Qf4 29. Ne6 Qf6 30. Qxf6 gxf6 31. Nd4 Rxe7 32. Rxe7 a6 33. Rc7 Bd3 34.
Rxc6 Rb4 35. Rc8+ Kg7 36. Nc6 Rb5 37. b4 Rb7 38. a3 Bb5 39. Nd4 Bd7 40. Rd8
{Black resigns} 1-0  aics%

[Event "Team 45 45 League T31"]
[Site "Internet Chess Club"]
[Date "2006.07.25"]
[Round "5"]
[White "Ozgur-Bjk"]
[Black "iwulu"]
[Result "1/2-1/2"]
[WhiteElo "2110"]
[BlackElo "2223"]
[TimeControl "2700+45"]

1. d4 d5 2. c4 c6 3. cxd5 cxd5 4. Nc3 Nf6 5. Nf3 Nc6 6. Bf4 a6 7. e3 Bg4 8. Bd3
e6 9. O-O Be7 10. Rc1 O-O 11. a3 Rc8 12. Be2 Nh5 13. Bg3 Nxg3 14. hxg3 Na5 15.
Ne5 Bxe2 16. Nxe2 f6 17. Rxc8 Qxc8 18. Nd3 Qc4 19. Nef4 Qc6 20. Nh5 Nc4 21. Qg4
Rf7 22. Re1 g6 23. b3 Nxa3 24. Rc1 Qd7 25. Nhf4 f5 26. Ne5 Qe8 27. Qe2 Rf6 28.
Rc7 b5 29. Rc6 {Game drawn by mutual agreement} 1/2-1/2  aics%

[Event "Team 45 45 League T31"]
[Site "Internet Chess Club"]
[Date "2006.07.21"]
[Round "5"]
[White "MikeMike"]
[Black "Gregorio"]
[Result "0-1"]
[WhiteElo "2034"]
[BlackElo "2157"]
[TimeControl "2700+45"]

1. e4 e5 2. Nf3 Nc6 3. d4 exd4 4. Nxd4 Qf6 5. Be3 Bc5 6. c3 Qg6 7. Nd2 Nxd4 8.
cxd4 Bb4 9. f3 Nf6 10. a3 Ba5 11. b4 Bb6 12. Bc4 O-O 13. O-O d5 14. Bd3 dxe4 15.
Nxe4 Nd5 16. Qd2 Nxe3 17. Qxe3 Bf5 18. Rad1 Rad8 19. Bc4 Rfe8 20. Qc3 Bxe4 21.
fxe4 Re7 22. Kh1 Kh8 23. a4 a6 24. e5 Qh5 25. a5 Ba7 26. Rd3 h6 27. Re1 c6 28.
d5 cxd5 29. Rxd5 Rxd5 30. Bxd5 Qh4 31. g3 Qg4 32. e6 fxe6 33. Qc8+ Kh7 34. Be4+
g6 35. Qf8 Rd7 36. Qe8 Rc7 37. Kg2 Kg7 38. h3 Qg5 39. Re2 Qf6 40. Rd2 Rf7 41.
Kh2 Qf1 42. Rg2 Qc4 43. Bxg6 Kxg6 44. Qg8+ Kf6 45. Qd8+ Ke5 46. Qh8+ Rf6 47. Qg7
Bd4 48. Qxb7 Kd6 49. Qb8+ Qc7 50. Qa8 Qc6 51. Qd8+ Qd7 52. Qa8 Ke7 53. Qxa6 Qc7
54. Qd3 Be5 55. a6 h5 56. Qh7+ Rf7 57. Qxh5 Bxg3+ 58. Kh1 Rf1+ 59. Rg1 Qc6+
{White resigns} 0-1  aics%

[Event "Team 45 45 League T31"]
[Site "Internet Chess Club"]
[Date "2006.07.29"]
[Round "5"]
[White "Glook"]
[Black "Ser-Enigma"]
[Result "1-0"]
[WhiteElo "2149"]
[BlackElo "2060"]
[TimeControl "2700+45"]

1. d4 Nf6 2. c4 c5 3. d5 e6 4. Nc3 exd5 5. cxd5 d6 6. e4 g6 7. f3 Bg7 8. Bg5 O-O
9. Qd2 h6 10. Be3 a6 11. a4 Re8 12. Nge2 Nbd7 13. Nc1 Ne5 14. Be2 Nh5 15. Bxh6
Qh4+ 16. Kd1 Ng3 17. Qe1 Qxh6 18. hxg3 Qe3 19. Ra3 Qd4+ 20. Kc2 Bd7 21. Kb1 b5
22. axb5 axb5 23. Nb3 Qe3 24. Nd1 Rxa3 25. Nxe3 Rxb3 26. Qc1 Nd3 27. Bxd3 Rxd3
28. Nd1 f5 29. Qg5 Kf7 30. Kc2 c4 31. Rh7 b4 32. Ne3 Ba4+ 33. Kb1 fxe4 34. fxe4
c3 35. Rxg7+ Kxg7 36. Nf5+ Kf7 37. Nxd6+ Kg7 38. Nxe8+ Bxe8 39. bxc3 bxc3 40.
Qe7+ Bf7 41. d6 {Black resigns} 1-0  aics%

[Event "Team 45 45 League T31"]
[Site "Internet Chess Club"]
[Date "2006.07.24"]
[Round "5"]
[White "Rossinantes"]
[Black "phoenix10q72"]
[Result "1-0"]
[WhiteElo "2360"]
[BlackElo "2267"]
[TimeControl "2700+45"]

1. d4 Nf6 2. c4 c5 3. d5 e6 4. Nc3 exd5 5. cxd5 d6 6. e4 g6 7. h3 Bg7 8. Nf3 O-O
9. Bd3 Nh5 10. O-O Nd7 11. Bg5 Bf6 12. Bh6 Re8 13. Re1 Ne5 14. Be2 Nxf3+ 15.
Bxf3 Ng7 16. Bf4 a6 17. a4 Rb8 18. Qd3 Qc7 19. Bh2 c4 20. Qd2 b5 21. axb5 axb5
22. Rec1 b4 23. Nd1 Bd7 24. Ra6 Be5 25. Bxe5 Rxe5 26. Qd4 Bb5 27. Ra7 Qd8 28.
Ne3 Qg5 29. Rca1 Qf4 30. Ng4 Nf5 31. Qd1 Nh4 32. Nxe5 Qxe5 33. Ra8 Rxa8 34.
Rxa8+ Kg7 35. Rb8 Qxb2 36. Rxb5 b3 37. Be2 Qc2 38. Qd4+ Kh6 39. Qxc4 Qd2 40.
Rxb3 Qe1+ 41. Bf1 {Black resigns} 1-0  aics%

[Event "Team 45 45 League T31"]
[Site "Internet Chess Club"]
[Date "2006.07.22"]
[Round "5"]
[White "JonnyBeGood"]
[Black "trevor21"]
[Result "1/2-1/2"]
[WhiteElo "2130"]
[BlackElo "2171"]
[TimeControl "2700+45"]

1. e4 e6 2. d4 d5 3. exd5 exd5 4. Nf3 Bg4 5. Be2 Bd6 6. h3 Bh5 7. O-O Ne7 8. Re1
Nbc6 9. c3 Qd7 10. Be3 f6 11. Nbd2 O-O-O 12. b4 g5 13. b5 Na5 14. Qa4 b6 15. Nb3
Nc4 16. Nfd2 Bxe2 17. Rxe2 Nxd2 18. Nxd2 Kb7 19. Qa6+ Kb8 20. a4 Qc8 21. Qxc8+
Kxc8 22. a5 Nf5 23. axb6 axb6 24. Nf1 Kd7 25. Rea2 h5 26. Bd2 g4 27. hxg4 hxg4
28. Ne3 Nxe3 29. Bxe3 f5 30. g3 Ke6 31. Kg2 Kf6 32. Rh1 Rxh1 33. Kxh1 Re8 34.
Kg2 f4 35. Bxf4 Bxf4 36. gxf4 Kf5 37. Ra1 Re2 38. Kg3 Rc2 39. Re1 Rxc3+ 40. Re3
Rc4 41. Re5+ Kf6 42. Rxd5 Ke6 43. Re5+ Kd6 44. Kxg4 Rxd4 45. Rh5 Rb4 46. Re5 Rb2
47. f3 Rb1 48. Kg5 Rb3 49. Kg4 Rb1 50. Kf5 Rb3 51. Ke4 Rb4+ 52. Kf5 {Game drawn
by mutual agreement} 1/2-1/2  aics%

[Event "Team 45 45 League T31"]
[Site "Internet Chess Club"]
[Date "2006.07.22"]
[Round "5"]
[White "VentasD"]
[Black "ChessAddict"]
[Result "1/2-1/2"]
[WhiteElo "2163"]
[BlackElo "2121"]
[TimeControl "2700+45"]

1. e4 e6 2. d4 d5 3. Nc3 Bb4 4. e5 c5 5. a3 Bxc3+ 6. bxc3 Qc7 7. Bd2 b6 8. Qg4
f5 9. exf6 Nxf6 10. Qg3 Qxg3 11. hxg3 O-O 12. Nf3 Ne4 13. Bd3 Nf6 14. Ne5 c4 15.
Be2 Nbd7 16. Nxd7 Bxd7 17. Bf3 Be8 18. Bf4 Bg6 19. O-O-O Ne4 {Game drawn by
mutual agreement} 1/2-1/2  aics%

[Event "Team 45 45 League T31"]
[Site "Internet Chess Club"]
[Date "2006.07.22"]
[Round "5"]
[White "John3v16"]
[Black "Amauta"]
[Result "0-1"]
[WhiteElo "1893"]
[BlackElo "1933"]
[TimeControl "2700+45"]

1. d4 f5 2. Bg5 Nf6 3. Bxf6 exf6 4. c4 Bb4+ 5. Nc3 O-O 6. Qb3 Nc6 7. e3 Re8 8.
O-O-O Bxc3 9. Qxc3 d6 10. Bd3 Qe7 11. Ne2 a5 12. a3 Qf7 13. h4 Ne7 14. Nf4 c5
15. dxc5 dxc5 16. h5 h6 17. Qc2 b6 18. e4 Nc6 19. Ne2 Ne5 20. exf5 Nxd3+ 21.
Qxd3 Bxf5 22. Qxf5 Rxe2 23. Qd5 Rae8 24. Qxf7+ Kxf7 25. Rd7+ R8e7 26. Rhd1 Rxf2
27. R7d6 Rxg2 28. Rxb6 Rh2 29. Rd5 Re1+ 30. Rd1 Rxd1+ 31. Kxd1 Rxh5 32. Ra6 Re5
33. Rxa5 h5 34. b4 h4 35. Rxc5 Rxc5 36. bxc5 h3 {White resigns} 0-1  aics%

[Event "Team 45 45 League T31"]
[Site "Internet Chess Club"]
[Date "2006.07.22"]
[Round "5"]
[White "Guinness"]
[Black "Milo"]
[Result "1/2-1/2"]
[WhiteElo "2341"]
[BlackElo "2420"]
[TimeControl "2700+45"]

1. e4 e5 2. Nc3 Nf6 3. f4 d5 4. fxe5 Nxe4 5. Nf3 Be7 6. Qe2 Nxc3 7. dxc3 O-O 8.
Bf4 c5 9. O-O-O Qa5 10. Kb1 Be6 11. h4 d4 12. c4 Nc6 13. g4 Bxg4 14. Rg1 h5 15.
Qe4 f5 16. exf6 Rxf6 17. Bd3 Rxf4 18. Qxf4 Rf8 19. Qe4 Rxf3 20. Qh7+ Kf8 21. Be4
Nb4 22. a3 Rxa3 23. Rdf1+ Bf6 24. bxa3 Qxa3 25. Rxf6+ gxf6 26. Qh8+ Ke7 27. Qg7+
Ke6 28. Qg8+ Ke7 29. Qg7+ Ke6 30. Qg8+ Ke7 31. Qg7+ Ke6 32. Qg8+ {Game drawn by
repetition} 1/2-1/2  aics%

[Event "Team 45 45 League T31"]
[Site "Internet Chess Club"]
[Date "2006.07.23"]
[Round "5"]
[White "jpitt"]
[Black "Sir-Knightly"]
[Result "0-1"]
[WhiteElo "2360"]
[BlackElo "2401"]
[TimeControl "2700+45"]

1. d4 Nf6 2. c4 g6 3. Nc3 d5 4. Bf4 Bg7 5. e3 O-O 6. Rc1 c6 7. Nf3 Bg4 8. h3
Bxf3 9. Qxf3 e6 10. Be2 Qb6 11. Rc2 Nbd7 12. O-O dxc4 13. Bxc4 Qb4 14. Qe2 Rfe8
15. Bh2 Nb6 16. Bd3 Nfd7 17. a3 Qe7 18. Rcc1 e5 19. dxe5 Nxe5 20. Bb1 Rad8 21.
Rfd1 Nec4 22. Ba2 Nxb2 23. Rxd8 Rxd8 24. Qxb2 Na4 25. Nd5 cxd5 26. Qb3 Nc5 27.
Qb5 b6 28. Bg3 d4 29. exd4 Rxd4 30. Qc6 Bf6 31. Bd5 Kg7 32. Bd6 Qd7 33. Bxc5
Rxd5 34. Qxd7 Rxd7 35. Bb4 Rd3 36. Rc8 g5 37. g3 Bb2 38. Bf8+ Kg6 39. Rc6+ f6
40. a4 Bd4 41. Rc4 Rd2 42. Kf1 Bxf2 43. g4 Bg3 44. Rc7 Bxc7 {White resigns} 0-1 
aics%  LatinTrivia(TD)(71): Felicidades a linda23 por ganar la partida de Trivia
con una puntuación de 3450 puntos. aics%

[Event "Team 45 45 League T31"]
[Site "Internet Chess Club"]
[Date "2006.07.23"]
[Round "5"]
[White "izit"]
[Black "Zebbile"]
[Result "1/2-1/2"]
[WhiteElo "2169"]
[BlackElo "2008"]
[TimeControl "2700+45"]

1. e4 c6 2. Nc3 d5 3. Nf3 Bg4 4. h3 Bh5 5. exd5 cxd5 6. Bb5+ Nc6 7. g4 Bg6 8.
Ne5 Rc8 9. d4 e6 10. Qe2 Bb4 11. h4 Ne7 12. h5 Be4 13. f3 O-O 14. Nxc6 Nxc6 15.
Be3 Qf6 16. fxe4 Nxd4 17. Bxd4 Qxd4 18. Rd1 Bxc3+ 19. bxc3 Qxc3+ 20. Kf1 dxe4
21. Qxe4 Qxc2 22. Qxc2 Rxc2 23. Rd7 a6 24. Bd3 Rxa2 25. Rxb7 Rc8 26. Bc4 Rd2 27.
Ke1 Rdd8 28. Rf1 Rxc4 29. Rfxf7 Re4+ 30. Kf2 Rf8 31. Rxf8+ Kxf8 32. Kf3 Ra4 33.
g5 Rh4 34. Rb8+ Ke7 35. Rb7+ Kd6 36. Rxg7 Rxh5 37. Kg4 Rh1 38. Ra7 Rg1+ 39. Kf4
Rf1+ 40. Ke4 Re1+ 41. Kf4 e5+ 42. Kf5 Rf1+ 43. Ke4 Rf4+ 44. Ke3 Rg4 45. Rxa6+
Kd5 46. Rh6 Rxg5 47. Rxh7 Rg3+ 48. Ke2 Kd4 49. Ra7 Ke4 50. Ra4+ Kf5 51. Rh4 e4
52. Rh8 Rg2+ 53. Ke3 Rg3+ 54. Ke2 {Game drawn by mutual agreement} 1/2-1/2 
aics%

[Event "Team 45 45 League T31"]
[Site "Internet Chess Club"]
[Date "2006.07.21"]
[Round "5"]
[White "equi"]
[Black "forketta"]
[Result "1-0"]
[WhiteElo "1903"]
[BlackElo "1941"]
[TimeControl "2700+45"]

1. d4 d5 2. Nf3 Nf6 3. g3 c5 4. Bg2 Nc6 5. O-O cxd4 6. Nxd4 e5 7. Nxc6 bxc6 8.
c4 Rb8 9. Nc3 d4 10. Bxc6+ Bd7 11. Bxd7+ Qxd7 12. Na4 h5 13. f3 h4 14. g4 h3 15.
e3 d3 16. Nc3 Rb4 17. b3 Bc5 18. a3 Rb8 19. b4 Be7 20. Qa4 a5 21. Qxd7+ Nxd7 22.
Nd5 axb4 23. Nxe7 Kxe7 24. axb4 Rhc8 25. c5 Rxb4 26. Ba3 Rb5 27. Rfd1 Nxc5 28.
Rxd3 Ke6 29. Rc3 Kd6 30. Rac1 Rc7 31. Kf2 Kd5 32. e4+ Kd6 33. Kg3 f6 34. Kxh3
Ra5 35. Rxc5 Raxc5 36. Kg3 g5 37. h4 gxh4+ 38. Kxh4 Rh7+ 39. Kg3 Rc7 40. Rxc5
Rxc5 41. f4 Kc6 42. Bxc5 Kxc5 43. f5 Kd6 44. g5 fxg5 45. Kg4 Ke7 46. Kxg5 Kf7
47. f6 {Black resigns} 1-0  aics%

[Event "Team 45 45 League T31"]
[Site "Internet Chess Club"]
[Date "2006.07.24"]
[Round "5"]
[White "chiiwen"]
[Black "Sean"]
[Result "1-0"]
[WhiteElo "1728"]
[BlackElo "1498"]
[TimeControl "2700+45"]

1. e4 d6 2. d4 Nf6 3. Nc3 g6 4. Nf3 Bg7 5. Be2 O-O 6. O-O Bg4 7. h3 Bxf3 8. Bxf3
Nc6 9. Be3 e5 10. Ne2 Nd7 11. c3 f5 12. exf5 gxf5 13. Bxc6 bxc6 14. f4 e4 15. d5
c5 16. Rb1 c4 17. Nd4 Qc8 18. Nc6 Rf7 19. Qa4 Nb6 20. Bxb6 axb6 21. Qxc4 Bh6 22.
Nd4 Rg7 23. Ne6 Rg3 24. Kh2 Rd3 25. a3 Qd7 26. Rbd1 Re3 27. Qd4 Re2 28. Rf2 Rxf2
29. Qxf2 Kh8 30. Qd4+ Bg7 31. Qf2 Rg8 32. Qh4 Qf7 33. Nxg7 Qxg7 34. Qf2 Qd7 35.
Qd4+ Rg7 36. Rd2 Qb5 37. a4 Qf1 38. Rf2 Qe1 39. Qd2 Qa1 40. Qd4 Qe1 41. Qd2 Qa1
42. b3 Qa3 43. Qc2 Qc5 44. c4 Qe3 45. b4 Rg3 46. a5 bxa5 47. bxa5 Qa3 48. Qa2
Rb3 49. a6 Qb4 50. a7 Ra3 51. a8=Q+ Rxa8 52. Qxa8+ Kg7 53. Qc6 e3 54. Qxc7+ Kg6
55. Re2 Qa3 56. Qe7 Qd3 57. Qxe3 Qxc4 58. Qg3+ Kf7 59. Qf3 Kf8 60. Re6 Qc5 61.
Qh5 Qxd5 62. Qh6+ Kf7 63. Qf6+ Kg8 64. Re8# {Black checkmated} 1-0  aics%

[Event "Team 45 45 League T31"]
[Site "Internet Chess Club"]
[Date "2006.07.21"]
[Round "5"]
[White "Grenadier"]
[Black "tryanything"]
[Result "1-0"]
[WhiteElo "1608"]
[BlackElo "1599"]
[TimeControl "2700+45"]

1. e4 e5 2. f4 d5 3. exd5 exf4 4. Nf3 Qxd5 5. Nc3 Qd8 6. Bc4 Bc5 7. d3 Nc6 8.
Bxf4 Qe7+ 9. Qe2 Qxe2+ 10. Nxe2 Bb6 11. O-O-O f6 12. Rhe1 Nge7 13. Nc3 Bg4 14.
Nd5 O-O-O 15. Nxe7+ Nxe7 16. Rxe7 g5 17. Bg3 h5 18. h3 Bxf3 19. gxf3 h4 20. Bh2
Rhf8 21. Rde1 f5 22. b4 f4 23. Bg1 Bxg1 24. Rxg1 Rde8 25. Rge1 Rxe7 26. Rxe7 g4
27. fxg4 f3 28. Re1 f2 29. Rf1 c6 30. Be6+ Kc7 31. Bf5 {Black resigns} 1-0 
aics%

[Event "Team 45 45 League T31"]
[Site "Internet Chess Club"]
[Date "2006.07.23"]
[Round "5"]
[White "FiendAngelical"]
[Black "Wheels"]
[Result "0-1"]
[WhiteElo "1503"]
[BlackElo "1707"]
[TimeControl "2700+45"]

1. d4 Nf6 2. c4 g6 3. Nc3 Bg7 4. e4 d6 5. Nf3 O-O 6. Be2 e5 7. O-O Nc6 8. d5 Ne7
9. b4 Nh5 10. Re1 f5 11. Ng5 Nf6 12. Bf3 fxe4 13. Ncxe4 Nf5 14. Bb2 h6 15. Nxf6+
Qxf6 16. Ne6 Bxe6 17. dxe6 Rab8 18. Bd5 Ne7 19. f4 Qxf4 20. Rf1 Qe3+ 21. Kh1
Rxf1+ 22. Qxf1 Rf8 23. Qd1 Rf2 24. Bc1 Qe2 25. Qxe2 Rxe2 26. Kg1 Nxd5 27. cxd5
e4 28. Rb1 Bd4+ 29. Kf1 Rf2+ 30. Ke1 Rxg2 {White resigns} 0-1  aics%

[Event "Team 45 45 League T31"]
[Site "Internet Chess Club"]
[Date "2006.07.21"]
[Round "5"]
[White "Archaeologist"]
[Black "Fineas-Fogg"]
[Result "1/2-1/2"]
[WhiteElo "1533"]
[BlackElo "1431"]
[TimeControl "2700+45"]

1. e4 e5 2. Nf3 Nc6 3. d4 exd4 4. Nxd4 Ne5 5. Nc3 Bb4 6. Bd2 Nf6 7. f4 Bxc3 8.
Bxc3 Nc6 9. Nxc6 bxc6 10. Bc4 O-O 11. e5 Ne4 12. Bb4 c5 13. Ba5 Qh4+ 14. Ke2
Qf2+ 15. Kd3 Qd4+ 16. Ke2 Qxc4+ 17. Qd3 Ba6 18. Qxc4 Bxc4+ 19. Ke3 Bd5 20. c4
Bc6 21. Bxc7 Rfe8 22. Rhe1 Rac8 23. Ba5 f6 24. Re2 fxe5 25. fxe5 Nd6 26. Kd3 Nf5
27. Bc3 d5 28. exd6 Rxe2 29. Kxe2 Nxd6 30. b3 Re8+ 31. Kd3 Ne4 32. Bb2 Rd8+ 33.
Ke3 Rd2 34. Ba3 Rxg2 35. b4 cxb4 36. Bxb4 Rxh2 37. Rf1 Rf2 38. Rxf2 Nxf2 39.
Kxf2 Kf7 40. Kg3 Kg6 41. a3 a6 42. Bd6 Kf5 43. Bf8 g5 44. Be7 h5 45. Bd8 h4+ 46.
Kf2 Kg4 47. Kg1 Kf3 48. Kh2 Kg4 49. Kg1 h3 50. Kh2 Bg2 51. c5 Kh4 52. a4 Kh5 53.
Kg3 g4 54. a5 Bf3 55. Kh2 Kg6 56. Kg3 Kf5 57. Bc7 Ke6 58. c6 Bxc6 59. Kxg4 Bg2
60. Kg3 Kd5 61. Kh2 Ke4 62. Bb6 Kf3 63. Bc7 Kg4 {Game drawn by mutual agreement}
1/2-1/2  aics%

[Event "Team 45 45 League T31"]
[Site "Internet Chess Club"]
[Date "2006.07.23"]
[Round "5"]
[White "DaveTheRook"]
[Black "nursey"]
[Result "1-0"]
[WhiteElo "1703"]
[BlackElo "1588"]
[TimeControl "2700+45"]

1. d4 d5 2. c4 e6 3. cxd5 exd5 4. Nf3 c6 5. Nc3 Bd6 6. Qc2 Bg4 7. e4 dxe4 8.
Qxe4+ Qe7 9. Be2 Nf6 10. Qxe7+ Bxe7 11. O-O O-O 12. Re1 Re8 13. h3 Bf5 14. Bg5
Nbd7 15. Rad1 Ne4 16. Bf4 Bf6 17. Bd3 Nxc3 18. bxc3 Bxd3 19. Rxd3 Rxe1+ 20. Nxe1
Re8 21. Kf1 Re4 22. Bd6 Re6 23. Bg3 b6 24. Re3 Rxe3 25. fxe3 a5 26. Bd6 h6 27.
Ke2 g6 28. Nd3 Kg7 29. Kf3 h5 30. g4 hxg4+ 31. Kxg4 Kh6 32. Bf4+ Kg7 33. e4 b5
34. Bc7 a4 35. Nb4 c5 36. Nc6 Kh6 37. e5 Bg5 38. d5 Bd2 39. Ba5 Be3 40. Bd8 Bd2
41. e6 fxe6 42. dxe6 {Black resigns} 1-0  aics%